 Dungeon Crawl Stone Soup version 0.31-b1-20-g67cafac56d (webtiles) character file.

Game seed: 17402860697996225856

49 Esekla the Sneak (level 3, 26/26 HPs)
             Began as an Octopode Delver on Jan 18, 2024.
             Quit the game on level 5 of the Dungeon.
             The game lasted 00:03:43 (468 turns).

Esekla the Sneak (Octopode Delver)                   Turns: 468, Time: 00:03:43

Health: 26/26      AC:  1    Str: 11    XL:     3   Next: 75%
Magic:  3/3        EV: 13    Int: 14    God:
Gold:   82         SH:  0    Dex: 13    Spells: 2/2 levels left

rFire   . . .        s - +0 dagger
rCold   . . .        (no shield)
rNeg    . . .        (helmet restricted)
rPois   .            (no amulet)
rElec   .            (no ring)
rCorr   .            (no ring)
SInv    .            (no ring)
Will    .....        (no ring)
Stlth   +++++        (no ring)
HPRegen 0.24/turn    (no ring)
MPRegen 0.08/turn    (no ring)
                     (no ring)

%: no passive effects
@: no status effects
A: almost no armour, amphibious, 8 rings, camouflage 1, gelatinous body 1,
(nimble swimmer 1), tentacles
a: no special abilities


You were on level 5 of the Dungeon.
You visited 1 branch of the dungeon, and saw 1 of its levels.

You collected 82 gold pieces.

Inventory:

Hand Weapons
 a - a +0 falchion
 s - a +0 dagger (weapon)
Missiles
 j - 2 poisoned darts (quivered)
Jewellery
 i - a ring of flight
Wands
 f - a wand of digging (2)
Scrolls
 b - a scroll of fog
 d - a scroll of fear
 g - 3 scrolls of teleportation {unknown}
 h - a scroll of silence {unknown}
Potions
 c - a potion of heal wounds {unknown}
 e - a potion of haste


   Skills:
 + Level 3.3 Fighting
 + Level 2.1 Long Blades
 + Level 2.1 Dodging
 + Level 7.9 Stealth


You had 2 spell levels left.
You didn't know any spells.
Your spell library was empty.

Dungeon Overview and Level Annotations

Branches:
Dungeon (5/15)
 Temple: D:4-7

Altars:
Elyvilon


Innate Abilities, Weirdness & Mutations

You cannot wear most types of armour.
You are amphibious.
You can wear up to eight rings at the same time.
Your skin changes colour to match your surroundings (Stealth+).
Your rubbery body absorbs attacks. (AC +1, EV +1)
((You are camouflaged when in or above water. (Stealth+)))
You have tentacles for arms and can constrict up to eight enemies at once.


Message History

The rock shatters into small pieces.
You open the door.
There is an open door here.
A hound comes into view.
You closely miss the hound. You grab the hound.
You constrict the hound, but do no damage.
The hound bites you. The hound misses you.
You hit the hound.
The hound is lightly wounded.
You constrict the hound. The hound barely misses you.
You hit the hound.
The hound is moderately wounded.
You constrict the hound. The hound bites you. x2
You hit the hound but do no damage. You squeeze the hound.
The hound is severely wounded.
You constrict the hound. The hound bites you. The hound closely misses you.
You hit the hound. You squeeze the hound.
You kill the hound!
You have reached level 3!
Your experience leads to an increase in your attributes!
Increase (S)trength, (I)ntelligence, or (D)exterity?
You feel clever. x2
An adder comes into view.
You see here a hound corpse.
Found a glass ring.
Found 2 poisoned darts.
You start resting.
HP restored.
s - a +0 dagger (weapon)
Found a white marble altar of Elyvilon.
The helpless adder fails to defend itself.
You impale the adder!!
You kill the adder!
You see here an adder corpse.
i - a ring of flight You open the door.
There is an open door here.
You see here 2 poisoned darts.
j - 2 poisoned darts Are you sure you want to abandon this character and quit the game? (Confirm with "yes".)

....*#+###..#....# #.....#..##
#...,#..##..#....# #.....#####
*...,#......###### #.....#,,##
*,..,+....†..#...# #######,,#.
*,,,,#.......#...# #.,,#.
*,,,,#......##'##* #..,*.
*,,,,#..##..##..## #...*#
,,,###..##.......# #...##
,,,#............@# #.....
,,,#.......#######*** #.....
,,,+.....†.#*##8##*8*** #.....
,,,#.......##8...8,,,8*** #...##
,,,##...##.##.....,,,,*****#..,*#
,,,,#...##.#_.....,,,,>*,,,#,,,,#
,,,,+...#..##.....,,,,****,,,,,,#
,,,,#...#..##8...8,,,8******,,,*#
,,,,#..,##.#*##8##*8*** **,,##


There were no monsters in sight!

Vanquished Creatures
  A hound (D:5)
  2 adders (D:5)
3 creatures vanquished.

Notes
Turn   | Place    | Note
-------+----------+-------------------------------------------
     0 | D:5      | Esekla the Octopode Delver began the quest for the Orb.
     0 | D:5      | Reached XP level 1. HP: 16/16 MP: 1/1
    21 | D:5      | Noticed an iguana
    39 | D:5      | Noticed a bombardier beetle
    77 | D:5      | Noticed a black bear
   102 | D:5      | Noticed a hound
   224 | D:5      | Reached skill level 7 in Stealth
   224 | D:5      | Reached XP level 2. HP: 13/21 MP: 2/2
   366 | D:5      | Reached XP level 3. HP: 9/26 MP: 3/3
   438 | D:5      | Found a white marble altar of Elyvilon.
   468 | D:5      | Quit the game

Illustrated notes

Levels and vault maps discovered:
D:5:      layout_gridville, nicolae_overflow_hidden_temple

Skill      XL: |  1 |
---------------+----+-----
Stealth        | 7 |  7.9
Fighting       | |  3.3
Long Blades    | |  2.1
Dodging        | |  2.1

Action                     || total
---------------------------++-------
  Melee: Falchion          ||     9
         Constrict         ||     2
         Tentacles         ||     2
         Dagger            ||     1
  Evoke: Wand              ||     1
    Use: Scroll            ||     1
   Stab: Sleeping          ||     1
 Armour: Skin              ||     5
  Dodge: Dodged            ||     7
